 Dungeon Crawl Stone Soup version 0.21.1-1-g345015f (webtiles) character file.

2421 Monsterracer the Gouger (level 9, 0/41 HPs)
             Began as a Felid Monk on Feb 10, 2018.
             Was a High Priest of Makhleb.
             Slain by a porcupine (5 damage)
             ... on level 8 of the Dungeon.
             The game lasted 00:33:10 (12002 turns).

Monsterracer the Gouger (Felid Monk)               Turns: 12002, Time: 00:33:10

Health: 0/41       AC:  2    Str:  7    XL:     9   Next: 24%
Magic:  14/14      EV: 26    Int: 11    God:    Makhleb [*****.]
Gold:   187        SH:  0    Dex: 22    Spells: 8/8 levels left
                                        Lives:  0   Deaths: 2

rFire    . . .     SeeInvis +     - Unarmed
rCold    . . .     Gourm    .   (shield unavailable)
rNeg     . . .     Faith    .   (armour unavailable)
rPois    .         Spirit   .   (helmet unavailable)
rElec    .         Reflect  .   (cloak unavailable)
rCorr    +         Harm     .   (gloves unavailable)
MR       ++...                  (boots unavailable)
Stlth    +++++.....             r - amulet of rage
HPRegen  0.13/turn              i - ring of resist corrosion {!d}
MPRegen  0.14/turn              a - ring of protection from magic {!d}

@: berserk cooldown, slowed, slow
A: very small, no armour, no weapons or thrown items, stealth, claws 1, fangs 3,
see invisible, carnivore, speed 1, shaggy fur 2, slow metabolism 1, sharp paws
a: Minor Destruction, Lesser Servant of Makhleb, Major Destruction, Greater
Servant of Makhleb, Renounce Religion, Evoke Berserk Rage


You were on level 8 of the Dungeon.
You worshipped Makhleb.
Makhleb was extremely pleased with you.
You were very full.

You visited 1 branch of the dungeon, and saw 8 of its levels.
You also visited: Ossuary.

You collected 376 gold pieces.
You spent 189 gold pieces at shops.

Inventory:

Jewellery
 a - a ring of protection from magic (right paw) {!d}
 i - a ring of resist corrosion (left paw) {!d}
 p - an uncursed ring of protection from cold {!d}
 r - an amulet of rage (around neck)
Wands
 n - a wand of enslavement (8)
Scrolls
 e - 6 scrolls of teleportation
 g - 4 scrolls of remove curse
 l - 2 scrolls of amnesia
 o - 2 scrolls of magic mapping {!r}
 s - a scroll of blinking
Potions
 b - 7 potions of heal wounds
 d - 5 potions of agility
 f - 3 potions of berserk rage {!q}
 h - a potion of haste
 j - 4 potions of curing
 k - a potion of mutation {!q}
 m - 2 potions of flight {unknown}
 q - a potion of lignification {unknown}
 t - a potion of magic {unknown}
Comestibles
 c - 10 rations


   Skills:
 + Level 6.1 Fighting
 + Level 8.3 Dodging
 + Level 8.2 Stealth
 * Level 9.0 Unarmed Combat
 * Level 6.1 Invocations
 + Level 3.5 Evocations


You had 8 spell levels left.
You didn't know any spells.

Dungeon Overview and Level Annotations

Branches:
Dungeon (8/15)             Temple (0/1) D:7
   Lair: D:8-11

Altars:
Ashenzari
Dithmenos
Gozag
Makhleb
Nemelex Xobeh
Qazlal
Sif Muna
Uskayaw
Vehumet
Wu Jian
Xom
Yredelemnul
The Shining One

Shops:
D:6 [   D:7 ?

Annotations:
D:2 1 runed door


Innate Abilities, Weirdness & Mutations

You cannot wear armour.
You are incapable of wielding weapons or throwing items.
Your paws allow you to move quietly. (Stealth)
You have sharp claws.
You have razor-sharp teeth.
You have supernaturally acute eyesight. (SInv)
You are carnivorous and can eat meat at any time.
You cover ground quickly.
You are covered in thick fur. (AC +2)
You have a slow metabolism.
Your sharp claws are effective at attacking unaware monsters.


Message History

The red ugly thing is severely wounded.
You barely miss the red ugly thing.
The red ugly thing is severely wounded.
The red ugly thing closely misses you.
You closely miss the red ugly thing. You bite the red ugly thing!
The red ugly thing is almost dead.
The orc wizard miscasts a cantrip.
You claw the red ugly thing!
You kill the red ugly thing!
Makhleb accepts your kill.
Your Invocations skill increases to level 6!
You have reached level 9!
Your experience leads to an increase in your attributes!
Your base attributes are Str 7, Int 11, Dex 21.
Increase (S)trength, (I)ntelligence, or (D)exterity?
You feel agile.
You regained 2 hp, and now have 24/61 hp.
MP restored: 14 The black bear closely misses you.
The black bear completely misses you. The black bear claws you.
* * * LOW HITPOINT WARNING * * *
The crimson imp spits at you.
Things that are here:
a stone; an ugly thing corpse You take 4 damage, and have 20/61 hp.
You barely miss the black bear. You claw the black bear!
The black bear is severely wounded.
The black bear barely misses you. The black bear closely misses you. x2
You claw the black bear!
The black bear is almost dead.
You claw the black bear!
You kill the black bear!
Makhleb accepts your kill.
You feel better.
Your Unarmed Combat skill increases to level 9!
You regained 9 hp, and now have 29/61 hp.
You closely miss the orc wizard. The orc wizard misses you.
You claw the orc wizard!
You kill the orc wizard!
Makhleb accepts your kill.
You feel better.
You regained 4 hp, and now have 33/61 hp.
The porcupine misses you.
Items here: ) [ †† a dagger; a robe; an orc corpse; a black bear corpse You scratch the porcupine.
You bite the porcupine.
The porcupine is heavily wounded.
The porcupine misses you.
You scratch the porcupine.
You kill the porcupine!
Makhleb accepts your kill.
You feel better.
The crimson imp throws a stone.
The stone misses you.
You regained 7 hp, and now have 40/61 hp.
You are no longer berserk.
You are exhausted.
You feel yourself slow down.
The quokka zombie completely misses you.
You see here a porcupine corpse.
You now have 27/41 hp.
You claw the quokka zombie!
You destroy the quokka zombie!
Makhleb accepts your kill.
You feel better. The crimson imp completely misses you.
Unknown command.
The crimson imp blinks!
Items here: ( ) [ †† a stone; a dagger; a robe; an orc corpse; a black bear corpse
Things that are here:
a stone; an ugly thing corpse The porcupine completely misses you.
Press: ? - help, Shift-Dir - straight line, f - porcupine
Aim: a porcupine The puff of flame hits the porcupine.
The porcupine is lightly wounded.
The porcupine bites you!
* * * LOW HITPOINT WARNING * * *
The porcupine completely misses you.
You take 9 damage, and have 20/41 hp.
MASSIVE DAMAGE!!
Unknown command.
Press: ? - help, Shift-Dir - straight line, f/p - porcupine
Aim: a porcupine (lightly wounded)
The stone arrow hits the porcupine.
The porcupine is moderately wounded.
The porcupine barely misses you.
You take 1 damage, and have 19/41 hp.
Press: ? - help, Shift-Dir - straight line, f/p - porcupine
Aim: a porcupine (moderately wounded)
The stone arrow hits the porcupine.
The porcupine is almost dead.
The porcupine bites you!
* * * LOW HITPOINT WARNING * * *
The porcupine misses you.
You take 13 damage, and have 6/41 hp.
MASSIVE DAMAGE!!
Unknown command.
Press: ? - help, Shift-Dir - straight line, f/p - porcupine
Aim: a porcupine (almost dead)
The zap hits the porcupine.
The porcupine is almost dead.
The zap misses the crimson imp.
The porcupine bites you.
You die...

......)........# .
.#####.#######.# .P
.# #.# #.# ... ..
#.# #.# #####....
#.. ..# #.#
#......PP ..# ###
#.# #....PPPP ..#
#.# ###<...PPP. ..#
#.######.!.....P.PP
#.†@r5(†.).)?..rPPP
########....)..Pgr.
####.....F.P
#...†..P.


#..h.PPPP ##.#.oP.F You could see a porcupine and a crimson imp.

Vanquished Creatures
  An ugly thing (D:8)
  Joseph (D:7)
  A troll (D:6)
  A hippogriff (D:7)
  2 porcupines (D:8)
  3 ice beasts
  A sky beast (D:5)
  2 black bears (D:8)
  A phantom (D:8)
  A centaur (D:5)
  2 elf zombies (Ossuary)
  A wyvern zombie (D:6)
  3 bullfrogs
  A scorpion (D:6)
  3 crimson imps
  3 howler monkeys
  A centaur zombie (Ossuary)
  A bullfrog zombie (D:5)
  2 quasits
  2 jellies
  2 hounds
  A human zombie (Ossuary)
  9 orc wizards
  2 bullfrog skeletons
  3 orc priests
  Ijyb (D:4)
  Natasha (thrice) (D:4)
  2 iguanas
  6 worker ants
  A big kobold zombie (Ossuary)
  A hound skeleton (D:7)
  2 mummies (Ossuary)
  A worker ant zombie (D:6)
  Robin (D:3)
  6 gnolls
  5 adders
  A shadow imp (D:6)
  An adder zombie (D:6)
  6 worms
  A dart slug (D:1)
  5 leopard geckos
  20 orcs
  A ball python (D:4)
  9 giant cockroaches
  10 goblins
  10 hobgoblins
  9 jackals
  7 kobolds
  7 quokkas
  7 bats
  7 frilled lizards
  2 goblin zombies (Ossuary)
  11 hobgoblin zombies
  9 kobold zombies
  9 orc zombies (Ossuary)
  A quokka zombie (D:8)
  8 rats
  4 rat zombies
  A plant (D:2)
225 creatures vanquished.

Vanquished Creatures (collateral kills)
  A hippogriff (D:7)
  A sky beast (D:7)
  A worker ant (D:7)
3 creatures vanquished.

Vanquished Creatures (others)
  37 fungi (D:8)
  13 plants
50 creatures vanquished.

Grand Total: 278 creatures vanquished

Notes
Turn   | Place    | Note
-------+----------+-------------------------------------------
     0 | D:1      | Monsterracer the Felid Monk began the quest for the Orb.
     0 | D:1      | Reached XP level 1. HP: 10/10 MP: 2/2
   288 | D:1      | Reached XP level 2. HP: 14/14 MP: 3/3
   835 | D:2      | Found a runed door.
   959 | D:2      | HP: 6/14 [worm (7)]
  1316 | D:2      | Reached XP level 3. HP: 17/17 MP: 4/4
  1320 | D:2      | HP: 7/17 [worm (10)]
  1695 | D:2      | Found a radiant altar of Vehumet.
  1711 | D:2      | HP: 8/17 [gnoll/club (9)]
  1719 | D:2      | HP: 4/17 [gnoll (5)]
  2323 | D:2      | Found a burning altar of Makhleb.
  2332 | D:2      | HP: 8/17 [hound (4)]
  2335 | D:2      | HP: 3/17 [hound (5)]
  2337 | D:2      | Reached XP level 4. HP: 4/21 MP: 5/5
  2574 | D:2      | Became a worshipper of Makhleb the Destroyer
  2574 | D:2      | Reached * piety under Makhleb
  2574 | D:2      | Reached ** piety under Makhleb
  3062 | D:3      | Reached skill level 4 in Unarmed Combat
  3096 | D:3      | Noticed Robin
  3193 | D:3      | HP: 7/21 [goblin/dagger[Robin] (4)]
  3199 | D:3      | HP: 6/21 [Robin/goblin (1)]
  3825 | D:3      | Reached XP level 5. HP: 21/24 MP: 6/6
  3843 | D:3      | HP: 12/24 [Robin/club (4)]
  4034 | D:3      | Killed Robin
  4571 | D:4      | Reached skill level 1 in Invocations
  4583 | D:4      | HP: 10/24 [worm (8)]
  4607 | D:4      | HP: 5/24 [worm (6)]
  4935 | D:4      | You fall through a shaft!
  4935 | D:5      | Entered Level 5 of the Dungeon
  4947 | D:5      | Found a sparkling altar of Nemelex Xobeh.
  5073 | D:4      | Reached skill level 5 in Unarmed Combat
  5130 | D:4      | Gained mutation: You are covered in thick fur. (AC +2) [Felid growth]
  5130 | D:4      | Reached XP level 6. HP: 28/28 MP: 8/8
  5148 | D:4      | Noticed Natasha
  5159 | D:4      | HP: 13/28 [Natasha (8)]
  5160 | D:4      | Killed Natasha
  5163 | D:4      | HP: 6/28 [orc/club (5)]
  5280 | D:4      | Found a sand-covered staircase.
  5317 | Ossuary  | Entered an ossuary
  5495 | Ossuary  | Reached *** piety under Makhleb
  5614 | Ossuary  | Reached skill level 5 in Dodging
  5622 | Ossuary  | HP: 14/28 [hobgoblin zombie (3)]
  5627 | Ossuary  | HP: 14/28 [orc zombie (2)]
  5691 | Ossuary  | HP: 9/28 [mummy (5)]
  5954 | Ossuary  | Reached XP level 7. HP: 20/31 MP: 9/9
  6032 | Ossuary  | HP: 11/31 [human zombie (6)]
  6304 | D:4      | HP: 16/32 [orc wizard/magic dart (8)]
  6507 | D:4      | Reached skill level 6 in Unarmed Combat
  6622 | D:4      | Noticed Ijyb
  6655 | D:4      | Killed Ijyb
  6838 | D:4      | Noticed Natasha
  6849 | D:4      | Killed Natasha
  6849 | D:4      | Reached skill level 5 in Stealth
  6874 | D:4      | Noticed Natasha
  6879 | D:4      | HP: 14/32 [Natasha (3)]
  6881 | D:4      | HP: 6/32 [Natasha (8)]
  6891 | D:4      | HP: 13/32 [Natasha (6)]
  6894 | D:4      | Killed Natasha
  7063 | D:4      | Found a shadowy altar of Dithmenos.
  7066 | D:4      | Found an opulent altar of Gozag.
  7069 | D:4      | Found a glowing golden altar of the Shining One.
  7249 | D:5      | Reached **** piety under Makhleb
  7590 | D:5      | Reached XP level 8. HP: 36/36 MP: 11/11
  7918 | D:6      | Reached skill level 7 in Unarmed Combat
  7961 | D:6      | HP: 16/36 [orc wizard/puff of flame (5)]
  8223 | D:6      | HP: 15/36 [ice beast (14)]
  8231 | D:6      | HP: 11/36 [worker ant zombie (5)]
  8261 | D:6      | Reached skill level 5 in Fighting
  8719 | D:6      | HP: 16/37 [wyvern zombie (9)]
  8725 | D:6      | HP: 11/37 [wyvern zombie (6)]
  8725 | D:6      | Slain by a wyvern zombie
  8726 | D:6      | Reached XP level 7. HP: 0/33 MP: 11/11
  8771 | D:6      | Reached skill level 1 in Evocations
  8961 | D:6      | Found Nesarph's Armour Boutique.
  9267 | D:7      | Found a staircase to the Ecumenical Temple.
  9270 | D:7      | Reached XP level 8. HP: 37/37 MP: 12/12
  9287 | D:7      | Noticed a troll
  9289 | D:7      | Reached ***** piety under Makhleb
  9345 | D:6      | Killed a troll
  9345 | D:6      | Reached skill level 8 in Unarmed Combat
  9497 | D:7      | Noticed a hippogriff
  9501 | D:7      | Killed a hippogriff
  9570 | D:7      | Noticed a hippogriff
  9583 | D:7      | Killed a hippogriff
  9583 | D:7      | Reached skill level 5 in Invocations
  9680 | D:7      | Noticed Joseph
  9705 | D:7      | HP: 19/38 [Joseph/sling bullet (6)]
  9711 | D:7      | HP: 3/38 [Joseph/uncursed quarterstaff (16)]
  9717 | D:7      | HP: 14/57 [Joseph/uncursed quarterstaff (1)]
  9722 | D:7      | HP: 7/57 [Joseph/uncursed quarterstaff (8)]
  9724 | D:7      | Slain by Joseph
  9725 | D:7      | Reached XP level 7. HP: -2/51 MP: 11/11
 10193 | D:7      | Found Zifituof's Magic Scroll Shoppe.
 10202 | D:7      | Bought a scroll of blinking for 105 gold pieces
 10202 | D:7      | Bought a scroll of teleportation for 42 gold pieces
 10202 | D:7      | Bought a scroll of teleportation for 42 gold pieces
 10341 | D:7      | Found a shimmering altar of Xom.
 10348 | D:7      | Found a basalt altar of Yredelemnul.
 10353 | D:7      | Found an ornate altar of the Wu Jian Council.
 10364 | D:7      | Found a stormy altar of Qazlal.
 10371 | D:7      | Found a hide-covered altar of Uskayaw.
 10376 | D:7      | Found a shattered altar of Ashenzari.
 10383 | D:7      | Found a deep blue altar of Sif Muna.
 10863 | D:7      | Found an ornate altar of the Wu Jian Council.
 10869 | D:7      | Found a basalt altar of Yredelemnul.
 10873 | D:7      | Found a shimmering altar of Xom.
 10879 | D:7      | Found a deep blue altar of Sif Muna.
 10883 | D:7      | Found a shattered altar of Ashenzari.
 10889 | D:7      | Found a hide-covered altar of Uskayaw.
 10893 | D:7      | Found a stormy altar of Qazlal.
 10917 | D:7      | Found Zifituof's Magic Scroll Shoppe.
 10929 | D:7      | Found a staircase to the Ecumenical Temple.
 11044 | D:7      | HP: 15/34 [Joseph/+0 quarterstaff (10)]
 11055 | D:7      | Killed Joseph
 11055 | D:7      | Reached XP level 8. HP: 20/38 MP: 11/13
 11939 | D:8      | HP: 19/38 [porcupine (13)]
 11965 | D:8      | Noticed a red ugly thing
 11977 | D:8      | HP: 22/57 [red ugly thing (20)]
 11983 | D:8      | Killed a red ugly thing
 11983 | D:8      | Reached XP level 9. HP: 24/41 MP: 14/14
 11984 | D:8      | HP: 20/61 [black bear (4)]
 11987 | D:8      | Reached skill level 9 in Unarmed Combat
 11999 | D:8      | HP: 20/41 [porcupine (8)]
 12001 | D:8      | HP: 6/41 [porcupine (13)]
 12002 | D:8      | Slain by a porcupine

Skill      XL: |  1  2  3  4  5  6  7  8  9 |
---------------+----------------------------+-----
Stealth        | 3 4 5 8 |  8.2
Unarmed Combat | 4 5 6 8 9 |  9.0
Invocations    | 2 3 6 |  6.1
Dodging        | 5 7 8 |  8.3
Fighting       | 4 6 |  6.1
Evocations     | 1 3 |  3.5

Action                   |  1- 3 |  4- 6 |  7- 9 || total
-------------------------+-------+-------+-------++-------
Melee: Unarmed           |   144 |   284 |   324 ||   752
       Bite              |    15 |    44 |    37 ||    96
       Punch             |       |     9 |    16 ||    25
Invok: Minor Destruction |       |    76 |   162 ||   238
 Abil: Evoke Berserk Rag |       |       |     3 ||     3
  Use: Scroll            |       |    13 |     4 ||    17
       Potion            |       |       |     2 ||     2
 Stab: Sleeping          |    11 |     4 |     5 ||    20
       Distracted        |       |       |     1 ||     1
  Eat: Chunk             |    10 |     6 |    24 ||    40
Armor: Skin              |     1 |     6 |     5 ||    12
Dodge: Dodged            |    96 |   153 |   247 ||   496

Vault maps used:
D:1:      lemuel_arrival_rhombus
D:2:      wad_woods_stonehenge, makhleb_heckhound_becter,
          uniq_crazy_yiuf_cottage
D:3:      first_ration, uniq_robin
D:4:      grunt_temple_overflow_diamond, enter_ossuary_3, uniq_ijyb,
          uniq_natasha
D:5:      minmay_opposing_rooms, nemelex_xobeh_ov_fountains_minmay
D:6:      serial_shops, shop
D:7:      grunt_temple_overflow_octagram, minmay_temple_entry_enclosed_plants,
          serial_shops, nicolae_shop_stone, uniq_joseph
D:8:      due_lair_maze_entry_diamond, serial_shops, shop
Ossuary:  ossuary_tomb_1
